AoeStats
← Henz1717

Baltic

510499687Analyzed
2v2 RM · 2d ago on Oct 1, 2026· 57m 18s· 4 players
Game mode
Random Map
Map size
Medium (4 player)
Population
200
Speed
Normal
Resources
Standard
Victory
Conquest
Starting age
Dark Age
Ending age
Imperial Age
RankedLock teamsTeams togetherTeam positionsShared explorationLock speedFull tech treeHidden civsTurbo modeCheats
Victory
Defeat
🇨🇳 Slavs · China
912
+15
🇮🇩 Huns · Indonesia
887
+16
🇦🇺 Danes · Australia
949
-18
🇦🇺 Goths · Australia
835
-13
GibranRakatiwing
0:30 Loom
11:50 Feudal Age
12:37 Double-Bit Axe
12:57 Horse Collar
14:18 Wheelbarrow
15:29 Forging
17:20 Scale Barding Armor
18:12 Gold Mining
18:37 Bloodlines
23:00 Castle Age
23:10 Fishing Lines
23:17 Light Cavalry
23:58 Husbandry
24:35 Iron Casting
24:26 Heavy Plow
25:03 Gold Shaft Mining
24:18 Stone Mining
28:52 Chain Barding Armor
34:38 Imperial Age
35:24 Hand Cart
34:42 Cavalier
36:31 Blast Furnace
37:23 Plate Barding Armor
39:30 Paladin
44:12 Ballistics
44:52 Chemistry
44:05 Thumb Ring
44:15 Fletching
46:25 Heavy Cavalry Archer
47:31 Parthian Tactics
48:29 Caravan
49:00 Coinage
48:41 Guilds
50:01 Bodkin Arrow
51:02 Bracer
52:30 Banking
53:42 Bow Saw
55:20 Padded Archer Armor
55:56 Spies/Treason
56:57 Conscription
cjf_1
11:14 Feudal Age
11:46 Double-Bit Axe
18:07 Castle Age
16:57 Fletching
17:04 Horse Collar
18:18 Gold Mining
18:22 Stone Mining
19:23 Medium Warships
19:53 Bow Saw
21:23 Gold Shaft Mining
26:58 Heavy Plow
28:48 Wheelbarrow
31:33 Imperial Age
29:24 Detinets
31:04 Forging
31:25 Hand Cart
32:21 Scale Barding Armor
32:05 Elite Boyar
34:11 Two-Man Saw
33:44 Crop Rotation
34:41 Conscription
35:53 Chain Barding Armor
36:09 Iron Casting
41:17 Plate Barding Armor
41:43 Blast Furnace
45:34 Bodkin Arrow
50:30 Padded Archer Armor
50:25 Capped Ram
51:51 Hoardings
51:25 Siege Ram
Henz1717
5:52 Loom
6:10 Loom
16:30 Feudal Age
21:51 Castle Age
20:31 Horse Collar
20:41 Double-Bit Axe
21:56 Gold Mining
22:04 Stone Mining
24:16 Heavy Plow
24:30 Bow Saw
26:29 Pikeman
40:11 Forging
40:01 Scale Mail Armor
gibbo13322
2:33 Loom
12:00 Feudal Age
13:04 Fishing Lines
15:08 Double-Bit Axe
18:22 Wheelbarrow
21:45 Castle Age
20:22 Gold Mining
23:44 Pikeman
25:24 Gillnets
30:48 Bow Saw
32:39 Gold Shaft Mining
32:41 Hand Cart
38:19 Imperial Age
39:05 Forging
38:56 Scale Mail Armor
41:07 Halberdier
41:34 Arson
41:51 Squires
43:20 Elite Jomsviking
45:12 Iron Casting
44:52 Chain Mail Armor
50:41 Elite Longship
Connection lost

Rejoining the realm…

Still unreachable

The connection could not be restored.

Session expired

The server has moved on; the page needs a fresh start.